[Event "*** SCC Grand Prix: Titled Tuesday Blitz"]
[Site "Chess.com"]
[Date "2020.09.08"]
[Round "4"]
[White "LedakovAlexandr"]
[Black "The_Machine04"]
[Result "1-0"]
[WhiteElo "2453"]
[BlackElo "2278"]
[TimeControl "180+1"]
[EndTime "10:39:29 PDT"]
[Termination "LedakovAlexandr won on time"]

1. d4 d6 2. Nf3 Nf6 3. Nc3 Nbd7 4. e4 e5 5. Bc4 Be7 6. O-O c6 7. a4 h6 8. a5 Qc7 9. b3 Nf8 10. Bb2 Ng6 11. Re1 O-O 12. h3 Rb8 13. Bf1 b5 14.
axb6 axb6 15. d5 Bd7 16. dxc6 Bxc6 17. Nb5 Qd8 18. Nd2 Ra8 19. c4 Rxa1 20. Qxa1 Qa8 21. f3 Qb7 22. Qa7 Ra8 23. Qxb7 Bxb7 24. Nb1 Bc6 25.
N1c3 Nf4 26. Rd1 Ne6 27. Nxd6 Nd4 28. Nf5 Nxf5 29. exf5 Bc5+ 30. Kh2 Kf8 31. Nd5 Bxd5 32. cxd5 Bd6 33. Kh1 Ne8 34. Bb5 f6 35. Bxe8 Kxe8 36.
Ra1 Rxa1+ 37. Bxa1 Ke7 38. g4 Bc5 39. Kg2 Kd6 40.
Kf1 Kxd5 41. Bc3 Bd4 42. Bb4 Bc5 43. Bc3 e4 44. Ke2 1-0

[Event "*** SCC Grand Prix: Titled Tuesday Blitz"]
[Site "Chess.com"]
[Date "2020.09.08"]
[Round "4"]
[White "exoticprincess"]
[Black "Sven_Tica"]
[Result "1/2-1/2"]
[WhiteElo "2879"]
[BlackElo "2706"]
[TimeControl "180+1"]
[EndTime "10:39:30 PDT"]
[Termination "Game drawn by agreement"]

1. e4 c5 2. Nf3 Nf6 3. e5 Nd5 4. Nc3 e6 5. Nxd5 exd5 6. d4 Nc6 7.
c3 d6 8. exd6 Bxd6 9. dxc5 Bxc5 10. Be2 O-O 11. O-O Bf5 12. Bg5 Qd7 13. Qd2 Rae8 14.
Rad1 Be4 15. Bf4 Qf5 16. Bg3 Rd8 17. Rfe1 d4 18. Qg5 dxc3 19. bxc3 h6 20. Qxf5 Bxf5 21.
Bc4 Rxd1 22. Rxd1 Rd8 23. Rxd8+ Nxd8 24. Kf1 Be6 25. Nd2 Kf8 26. Ke2 Ke7 27. f3 Nc6 28. Kd3 a6 29. Ne4 Ba3 30. Bb3 f5 31. Nd2 Bd6 32.
Bf2 Ne5+ 33. Ke2 g5 34. g3 b5 35. Be3 a5 36. Bxe6 Kxe6 37. Nb3 Nc6 38. Kd3 Kd5 39. f4 gxf4 40. Bxf4 Bxf4 41. gxf4 a4 42. Nd2 Na5 43. h3 Nc4 44. Nxc4 bxc4+ 45. Ke3 h5 46. h4 a3 47. Kf3 Kc5 1/2-1/2

[Event "*** SCC Grand Prix: Titled Tuesday Blitz"]
[Site "Chess.com"]
[Date "2020.09.08"]
[Round "4"]
[White "vovachesss"]
[Black "LuckSlayeer"]
[Result "1-0"]
[WhiteElo "2683"]
[BlackElo "2478"]
[TimeControl "180+1"]
[EndTime "10:39:30 PDT"]
[Termination "vovachesss won on time"]

1. c4 c5 2. Nc3 Nc6 3. Nf3 Nf6 4. e3 e6 5. d4 d5 6. a3 Ne4 7. Bd3 Nxc3 8. bxc3 dxc4 9. Bxc4 Be7 10. O-O O-O 11.
e4 b6 12. Bb2 Na5 13. Bd3 Bb7 14. Qe2 Rc8 15. Rad1 Qd7 16. Rfe1 Qa4 17. Nd2 c4 18.
Bb1 Bxa3 19. Bxa3 Qxa3 20. Qe3 b5 21. e5 h6 22. Ne4 b4 23. d5 Bxd5 24. Nf6+ Kh8 25.
Qf4 Qxc3 26. Re3 Qb2 27. Rh3 g5 28. Rxh6+ 1-0

[Event "*** SCC Grand Prix: Titled Tuesday Blitz"]
[Site "Chess.com"]
[Date "2020.09.08"]
[Round "4"]
[White "kingnb"]
[Black "zajka-molotok"]
[Result "1-0"]
[WhiteElo "2611"]
[BlackElo "2384"]
[TimeControl "180+1"]
[EndTime "10:39:31 PDT"]
[Termination "kingnb won on time"]

1. d4 d5 2. Nf3 Nf6 3. e3 Bg4 4. c4 e6 5. h3 Bh5 6. Qb3 Qc8 7. Nc3 c6 8. Bd2 Bd6 9. Rc1 O-O 10. Bd3 Nbd7 11. g4 Bg6 12. Bxg6 fxg6 13. cxd5 exd5 14. g5 Ne8 15. Nxd5 Kh8 16. Ke2 Nb6 17. Nxb6 axb6 18. e4 b5 19. h4 Qg4 20. Qd3 Nc7 21. Rcg1 Qh5 22. a3 Rae8 23. Rh3 Nd5 24. Kd1 Nf4 25.
Bxf4 Rxf4 26. e5 Bc7 27. Kc1 Ref8 28. e6 Bd6 29. Ne5 Rxf2 30. Nf7+ R2xf7 31. exf7 Rxf7 32. Re1 Rf8 33. Kb1 Qg4 34. Rf1 Re8 35. Re3 Rg8 36. Qe4 Qc8 37. h5 gxh5 38. g6 h6 39. Rf7 Qg4 40.
Qxg4 hxg4 41. Re6 Bb8 42. Rxb7 g3 43. Re2 Rf8 44. Kc2 h5 45. Rbe7 h4 46. R7e4 1-0

[Event "*** SCC Grand Prix: Titled Tuesday Blitz"]
[Site "Chess.com"]
[Date "2020.09.08"]
[Round "4"]
[White "Sultanasharminshirin"]
[Black "Kotofeyca"]
[Result "0-1"]
[WhiteElo "2011"]
[BlackElo "2361"]
[TimeControl "180+1"]
[EndTime "10:39:31 PDT"]
[Termination "Kotofeyca won on time"]

1. Nf3 d5 2. d4 c6 3. e3 Bg4 4. b3 Nd7 5. Bb2 e6 6. Nbd2 Bd6 7. Be2 f5 8. c4 Ngf6 9. h3 Bh5 10. Ne5 Bxe2 11.
Qxe2 O-O 12. O-O Ne4 13. Ndf3 f4 14. cxd5 exd5 15. exf4 Rxf4 16. Bc1 Rf8 17. Qd3 Qe7 18. Ng4 Rae8 19. Bb2 Rf5 20. Rae1 Ref8 21. Nge5 Bxe5 22. dxe5 Rxf3 23. gxf3 Ng5 24. f4 Rxf4 25. Qg3 Ne6 0-1

[Event "*** SCC Grand Prix: Titled Tuesday Blitz"]
[Site "Chess.com"]
[Date "2020.09.08"]
[Round "4"]
[White "Leonid_Starozhilov"]
[Black "Alexander_Zubov"]
[Result "0-1"]
[WhiteElo "2690"]
[BlackElo "2965"]
[TimeControl "180+1"]
[EndTime "10:39:32 PDT"]
[Termination "Alexander_Zubov won by resignation"]

1. Nf3 Nf6 2. g3 g6 3. Bg2 Bg7 4. O-O d5 5. d4 c6 6. c3 O-O 7. Bf4 Bf5 8. Nh4 Bg4 9. Nd2 Re8 10. h3 Bc8 11. Nhf3 Na6 12. Be5 c5 13. Nb3 b6 14. Rc1 Bb7 15. e3 Rc8 16. Nbd2 Nb8 17. Bxb8 Rxb8 18. Ne5 Qd6 19. f4 a5 20. Kh2 Ba6 21.
Re1 Red8 22. Ndf3 Ne4 23. Qc2 f6 24. Ng4 Qc7 25. Nf2 Nd6 26. h4 Bc8 27. Qe2 h5 28. Bh3 Bxh3 29. Kxh3 Qc6 30. Kg2 Rbc8 31. g4 hxg4 32.
Nxg4 Qd7 33. Nfh2 Kf7 34. Rh1 Rh8 35. Nf1 Rh7 36. Nf2 Rch8 37. Qf3 Nf5 38. h5 Rxh5 39.
Rxh5 Rxh5 40. Nd2 Nh4+ 0-1

[Event "*** SCC Grand Prix: Titled Tuesday Blitz"]
[Site "Chess.com"]
[Date "2020.09.08"]
[Round "4"]
[White "Mr_Sinigami"]
[Black "AnishOnYoutube"]
[Result "0-1"]
[WhiteElo "2545"]
[BlackElo "2941"]
[TimeControl "180+1"]
[EndTime "10:39:32 PDT"]
[Termination "AnishOnYoutube won on time"]

1. d4 Nf6 2. Nf3 d5 3. Bf4 Bf5 4. e3 e6 5. Be2 Bd6 6. Bg3 O-O 7.
O-O c5 8. dxc5 Bxc5 9. c4 Nc6 10. Nc3 dxc4 11. Bxc4 a6 12. a3 b5 13. Be2 Qe7 14.
Ne5 Nxe5 15. Bxe5 Rfd8 16. Qc1 Rac8 17. Rd1 Nd7 18. Bg3 h6 19. Bf3 Nb6 20. Rxd8+ Rxd8 21. Ne4 Bxe4 22. Bxe4 Nc4 23. Qc3 Qd7 24. h3 Be7 25.
Qc2 Bf6 26. Rb1 Qd2 27. a4 Qxc2 28. Bxc2 Nxb2 29. axb5 axb5 30. f3 b4 31. Be1 Bc3 32.
Kf1 Nc4 33. Bb3 Nxe3+ 34. Kf2 Nf5 35. Bxc3 bxc3 36. Rc1 Rd2+ 37. Kg1 Nd4 0-1

[Event "*** SCC Grand Prix: Titled Tuesday Blitz"]
[Site "Chess.com"]
[Date "2020.09.08"]
[Round "4"]
[White "tigra"]
[Black "Ermito2020"]
[Result "1-0"]
[WhiteElo "2858"]
[BlackElo "2630"]
[TimeControl "180+1"]
[EndTime "10:39:33 PDT"]
[Termination "tigra won on time"]

1. e4 c6 2. d4 d5 3. Nc3 dxe4 4. Nxe4 Bf5 5. Ng3 Bg6 6. N3e2 e6 7. Nf4 Nf6 8. Nxg6 hxg6 9. Nf3 Nbd7 10. g3 Bd6 11.
Bg2 Qc7 12. O-O O-O-O 13. a4 e5 14. c3 exd4 15. Nxd4 Ne5 16. Bf4 Neg4 17. Bxd6 Qxd6 18. h3 Ne5 19. Qc1 Nd5 20. Rd1 Qf6 21. Qc2 Kb8 22. a5 a6 23. Re1 g5 24. Qe4 Nc4 25. Re2 Nd6 26. Qc2 Nb5 27. Nb3 Ndc7 28. Nc5 Nd6 29. Rd1 Ka7 30. Rd3 Ndb5 31. Rf3 Qd6 32. b4 Qd1+ 33.
Qxd1 Rxd1+ 34. Bf1 f6 35. Kg2 Nd5 36. c4 Nd4 37. cxd5 Nxf3 38. Kxf3 Rxf1 39. dxc6 1-0

[Event "*** SCC Grand Prix: Titled Tuesday Blitz"]
[Site "Chess.com"]
[Date "2020.09.08"]
[Round "4"]
[White "BillieKimbah"]
[Black "renehp"]
[Result "0-1"]
[WhiteElo "2893"]
[BlackElo "2553"]
[TimeControl "180+1"]
[EndTime "10:39:33 PDT"]
[Termination "renehp won by checkmate"]

1. d4 d5 2. Nf3 Nf6 3. Bg5 Ne4 4.
Bh4 c5 5. e3 Nc6 6. Nbd2 Nxd2 7. Qxd2 Qb6 8. c3 e6 9. Bd3 Bd6 10. O-O O-O 11. dxc5 Bxc5 12. b4 Be7 13. Bxe7 Nxe7 14.
c4 Rd8 15. c5 Qc7 16. Qb2 f6 17. Nd4 a6 18. f4 e5 19. fxe5 fxe5 20. Nf5 Nxf5 21. Bxf5 Bxf5 22. Rxf5 d4 23. Qb3+ Kh8 24. Rf7 Qc6 25. exd4 exd4 26. Raf1 h6 27. Qg3 Rg8 28. Qe5 Rad8 29. Rc7 Qg6 30. Qg3 Qc2 31. Qh4 d3 32. Rxg7 Kxg7 33. Qf6+ Kh7 34. Qe7+ Rg7 35.
Qxd8 Qxg2# 0-1

[Event "*** SCC Grand Prix: Titled Tuesday Blitz"]
[Site "Chess.com"]
[Date "2020.09.08"]
[Round "4"]
[White "BikingBrian"]
[Black "RU_B9"]
[Result "1-0"]
[WhiteElo "2209"]
[BlackElo "1849"]
[TimeControl "180+1"]
[EndTime "10:39:33 PDT"]
[Termination "BikingBrian won on time"]

1. d4 Nf6 2. Bg5 d5 3. Nd2 Nbd7 4. Ngf3 h6 5. Bh4 e6 6. e3 c5 7. c3 a6 8. Bd3 Be7 9. Ne5 Nxe5 10. dxe5 Nd7 11.
Bxe7 Qxe7 12. f4 b6 13. O-O Bb7 14. Qf3 O-O 15. Qh3 f6 16. exf6 Nxf6 17. Rae1 Rad8 18.
g4 Ne4 19. Bxe4 dxe4 20. Nc4 b5 21. Ne5 Qf6 22. Rd1 Rxd1 23. Rxd1 Rd8 24. Qf1 Qh4 25. g5 Rxd1 26. Qxd1 hxg5 27. Qd8+ Kh7 28. Qxg5 Qxg5+ 29.
fxg5 Bd5 30. a3 Kg8 31. Kg2 Kh7 32. Kg3 g6 33. h4 Kg7 34. Kg4 Kh7 35. h5 gxh5+ 36.
Kxh5 Kg7 37. Nd7 c4 38. Nc5 a5 39. Nd7 a4 40. Ne5 1-0

[Event "*** SCC Grand Prix: Titled Tuesday Blitz"]
[Site "Chess.com"]
[Date "2020.09.08"]
[Round "4"]
[White "shrek4life02"]
[Black "BilodeauA"]
[Result "0-1"]
[WhiteElo "2528"]
[BlackElo "2853"]
[TimeControl "180+1"]
[EndTime "10:39:34 PDT"]
[Termination "BilodeauA won by checkmate"]

1. d4 d5 2. Nc3 Nf6 3. Bg5 e6 4. Qd2 Bb4 5. f3 h6 6. Bh4 c5 7. e3 Nc6 8. a3 Ba5 9. dxc5 a6 10. b4 Bc7 11. Rd1 O-O 12. Bd3 Ne5 13. Nge2 Ng6 14. Bxg6 fxg6 15. O-O Bd7 16. e4 g5 17. Bg3 Bb5 18.
Rfe1 Bxe2 19. Qxe2 Bxg3 20. hxg3 Qc7 21. exd5 exd5 22.
Nxd5 Nxd5 23. Rxd5 Qxg3 24. Qf2 Qf4 25. Rd4 Qf6 26. Rd7 g4 27. f4 Rae8 28. Rxe8 Rxe8 29. Qd4 g3 30. Kf1 Qg6 31. Qd3 Qg4 32. Qc4+ Kh8 33.
Rd1 Qxd1# 0-1

[Event "*** SCC Grand Prix: Titled Tuesday Blitz"]
[Site "Chess.com"]
[Date "2020.09.08"]
[Round "4"]
[White "LubovMarkelova"]
[Black "ChessicallyInclined"]
[Result "1/2-1/2"]
[WhiteElo "2224"]
[BlackElo "2561"]
[TimeControl "180+1"]
[EndTime "10:39:34 PDT"]
[Termination "Game drawn by repetition"]

1. Nf3 Nf6 2. c4 b6 3. Nc3 Bb7 4. g3 g6 5. Bg2 Bg7 6. O-O O-O 7. Re1 c5 8. e4 Nc6 9. d4 cxd4 10. Nxd4 Rc8 11. Ndb5 a6 12. Na3 Na5 13. Be3 Nxc4 14. Nxc4 Rxc4 15. e5 Ne4 16. Qd3 Rxc3 17. bxc3 Nc5 18.
Bxc5 Bxg2 19. Bxe7 Qa8 20. Bxf8 Bxf8 21. Re3 Bc5 22. Rd1 Bh1 23. Kf1 Qg2+ 24. Ke2 Qxh2 25. Qxd7 Qh5+ 26. Ke1 Bxe3 27. Qd8+ Kg7 28. Qf6+ Kh6 29.
fxe3 Bf3 30. Qf4+ Kg7 31. Qf6+ Kh6 32. Qf4+ Kg7 33. Qf6+ Kh6 1/2-1/2

[Event "*** SCC Grand Prix: Titled Tuesday Blitz"]
[Site "Chess.com"]
[Date "2020.09.08"]
[Round "4"]
[White "valeriocarnicelli"]
[Black "niki_2003"]
[Result "1-0"]
[WhiteElo "2477"]
[BlackElo "1640"]
[TimeControl "180+1"]
[EndTime "10:39:34 PDT"]
[Termination "valeriocarnicelli won on time"]

1. e4 c5 2. Nf3 d6 3. d4 cxd4 4. Nxd4 Nf6 5. Nc3 g6 6. f3 Bg7 7. Be3 O-O 8. Qd2 Nc6 9. O-O-O d5 10. Qe1 e5 11. Nxc6 bxc6 12. exd5 cxd5 13. Bg5 d4 14. Qxe5 Ng4 15. Qxg7+ Kxg7 16. Bxd8 Nf2 17. Rxd4 Nxh1 18. Bh4 h6 19. Be1 Re8 20. Kd2 Bf5 21. g3 Bxc2 22. Bg2 Nxg3 23. hxg3 Bf5 24. Bf2 a6 25. Rd6 Rab8 26.
b3 a5 27. Bd4+ Kh7 28. Nd5 Red8 29. Nf6+ Kg7 30. Nd7+ Kh7 31. Nxb8 Rxd6 32. Kc3 Bb1 33. a3 Bf5 34. f4 h5 35. b4 axb4+ 36. axb4 f6 37. b5 g5 38. b6 h4 39. Nc6 Bc8 40.
Na5 Ba6 41. b7 Bxb7 42. Nxb7 Rd7 43. gxh4 gxh4 44. Nc5 Rc7 45. Kd3 Rg7 46. Be4+ Kh6 47. Ne6 h3 48. Nxg7 Kxg7 49. Ke2 h2 50. Kf2 Kh6 51. Kg2 f5 52. Bxf5 1-0

[Event "*** SCC Grand Prix: Titled Tuesday Blitz"]
[Site "Chess.com"]
[Date "2020.09.08"]
[Round "4"]
[White "DrMamaliga"]
[Black "davigator"]
[Result "0-1"]
[WhiteElo "2192"]
[BlackElo "2346"]
[TimeControl "180+1"]
[EndTime "10:39:34 PDT"]
[Termination "davigator won by resignation"]

1. c4 e5 2. Nc3 Nf6 3. Nf3 Nc6 4. e3 d5 5. cxd5 Nxd5 6. Qa4 Nb6 7. Qb5 a6 8. Qb3 Be6 9. Qc2 Be7 10. a3 O-O 11. h4 Qd7 12. Be2 Rad8 13. O-O Kh8 14. b4 f5 15. Bb2 e4 16. Ng5 Bxg5 17. hxg5 Qe7 18. b5 axb5 19. Nxb5 Rd7 20. f4 exf3 21. Bxf3 Qxg5 22.
Bxc6 bxc6 23. Nd4 Bd5 24. d3 Rd6 25. Qf2 Rg6 26. e4 Be6 27. exf5 Bd5 28. g3 Qxg3+ 29. Qxg3 Rxg3+ 30. Kh2 Rg2+ 31. Kh3 Rxb2 32. a4 Rb4 33. Ne6 Ra8 34. a5 Nd7 35. Nxc7 Ra7 36. Ne6 h6 37. Nf4 Ne5 38. Rfe1 Rxf4 39. Rxe5 Rf3+ 40. Kg4 Rxd3 41. a6 Rd4+ 42. Kg3 Bc4 43. Re8+ Kh7 44. f6 gxf6 45.
Rc1 Rxa6 46. Rce1 Ra7 47. R8e6 0-1

[Event "*** SCC Grand Prix: Titled Tuesday Blitz"]
[Site "Chess.com"]
[Date "2020.09.08"]
[Round "4"]
[White "Sychev_Klementy"]
[Black "albano87"]
[Result "0-1"]
[WhiteElo "2846"]
[BlackElo "2547"]
[TimeControl "180+1"]
[EndTime "10:39:35 PDT"]
[Termination "albano87 won by checkmate"]

1. e4 c5 2. Nf3 Nc6 3. d4 cxd4 4.
Nxd4 Nf6 5. Nc3 d6 6. Bg5 Bd7 7. Qd2 Rc8 8. f4 Qa5 9. Nb3 Qb6 10. O-O-O Ng4 11. Nd5 Qf2 12. Be2 h6 13. Rhf1 Qxg2 14. Rg1 Qh3 15. Nc5 hxg5 16. Nxd7 Nxh2 17. Nxf8 Kxf8 18.
Rxg5 Nf3 19. Bxf3 Qxf3 20. Rdg1 Qxe4 21. Rxg7 Nd4 22. Nc3 Rxc3 23. bxc3 Nf3 24. Qg2 Qxf4+ 25. Kb2 Nxg1 26. Qxg1 Qc4 27. Rg4 Qe2 28. Qd4 Qb5+ 29. Kc1 Rh1+ 30. Kd2 Qh5 31. Qg7+ Ke8 32. c4 Qc5 33. Qg8+ Kd7 34. Qxf7 Qb4+ 35. c3 Rh2+ 36. Kd3 Qb1+ 37. Ke3 Qe1+ 38. Kd4 Rd2# 0-1

[Event "*** SCC Grand Prix: Titled Tuesday Blitz"]
[Site "Chess.com"]
[Date "2020.09.08"]
[Round "4"]
[White "lider34"]
[Black "nitpicker"]
[Result "1-0"]
[WhiteElo "2402"]
[BlackElo "2237"]
[TimeControl "180+1"]
[EndTime "10:39:35 PDT"]
[Termination "lider34 won on time"]

1. e4 d5 2. exd5 Qxd5 3. Nc3 Qd8 4. d4 Nf6 5. Nf3 c6 6. Bc4 Bf5 7. Qe2 e6 8. Ne5 Be7 9. Be3 Nbd7 10. f4 Nxe5 11. dxe5 Nd5 12. Nxd5 cxd5 13. Bb5+ Kf8 14.
O-O-O Qa5 15. Kb1 Rc8 16. Bd3 Bxd3 17. Qxd3 h5 18. f5 exf5 19. Qxf5 Rc6 20. Rhf1 f6 21.
exf6 Rxf6 22. Qc8+ Qd8 23. Qxb7 Rxf1 24. Rxf1+ Bf6 25. Bg5 Kg8 26. Bxf6 gxf6 27. Rd1 d4 28. Qxa7 Rh7 29. Qxd4 Qxd4 30. Rxd4 Re7 31. Rd1 Re2 32. Rg1 h4 33. a4 Kf7 34. b4 Ke6 35. Kb2 Kd5 36. Kb3 f5 37. a5 f4 38. c4+ Kc6 39.
Rf1 Re3+ 40. Ka4 Re4 41. c5 1-0

[Event "*** SCC Grand Prix: Titled Tuesday Blitz"]
[Site "Chess.com"]
[Date "2020.09.08"]
[Round "4"]
[White "diablanni"]
[Black "Hasangatin_Ramil"]
[Result "0-1"]
[WhiteElo "2362"]
[BlackElo "2585"]
[TimeControl "180+1"]
[EndTime "10:39:36 PDT"]
[Termination "Hasangatin_Ramil won on time"]

1. e4 d5 2. exd5 Qxd5 3. Nc3 Qd6 4. d4 Nf6 5. Nge2 c6 6. Bf4 Qd8 7. Qd3 Bg4 8. O-O-O e6 9. f3 Bh5 10. g4 Bg6 11. Qd2 Nd5 12. h4 h5 13. Bg3 Bb4 14. a3 Ba5 15. Be5 f6 16. Nf4 Nxc3 17. bxc3 Bf7 18.
Qe3 fxe5 19. Qxe5 Bc7 20. Qe3 Bxf4 21. Qxf4 Nd7 22. Bc4 Qf6 23. Qc7 Nb6 24. Qxb7 O-O 25.
Be2 Qf4+ 26. Rd2 Nd5 27. Qb3 Rab8 28. Qc4 Rb1+ 29. Kxb1 Qxd2 30. Bd3 Rb8+ 31. Ka1 Qxc3+ 32. Qxc3 Nxc3 33. gxh5 Bxh5 34. Rg1 Bxf3 0-1

[Event "*** SCC Grand Prix: Titled Tuesday Blitz"]
[Site "Chess.com"]
[Date "2020.09.08"]
[Round "4"]
[White "Gloomy_Wanderer"]
[Black "jefferyx"]
[Result "0-1"]
[WhiteElo "2737"]
[BlackElo "2923"]
[TimeControl "180+1"]
[EndTime "10:39:37 PDT"]
[Termination "jefferyx won by resignation"]

1. d4 Nf6 2. Nf3 d5 3. c4 dxc4 4. Qa4+ Nbd7 5. Nc3 g6 6. e4 c6 7. Qxc4 Nb6 8. Qb3 Bg7 9. h3 Be6 10. Qc2 O-O 11. Be2 Bc4 12. O-O Nfd7 13. Bf4 Rc8 14. Rfd1 Qe8 15. Bxc4 Nxc4 16. Qb3 b5 17. a4 a6 18.
axb5 axb5 19. e5 Ra8 20. Rac1 Ndb6 21. d5 Na4 22. dxc6 Qxc6 23. Qxb5 Qxb5 24. Nxb5 Ra5 25. b3 Rxb5 26. bxc4 Rb4 27. Nd4 Rc8 28. Nf3 h6 29. Rd7 Nc5 30. Rxe7 Bf8 31. Ra7 Nd3 32. e6 Nxf4 33. exf7+ Kg7 34. Ne5 Ne2+ 0-1

[Event "*** SCC Grand Prix: Titled Tuesday Blitz"]
[Site "Chess.com"]
[Date "2020.09.08"]
[Round "4"]
[White "Andreikka"]
[Black "AleksanderHnydiuk"]
[Result "1-0"]
[WhiteElo "2814"]
[BlackElo "2526"]
[TimeControl "180+1"]
[EndTime "10:39:37 PDT"]
[Termination "Andreikka won on time"]

1. c4 Nf6 2. Nc3 c5 3. Nf3 d5 4.
cxd5 Nxd5 5. e3 Nc6 6. Bb5 e6 7. Ne5 Bd7 8. Bxc6 Bxc6 9. Nxc6 bxc6 10. Qa4 Qd7 11. O-O Be7 12. Ne4 O-O 13. b3 f5 14. Nc3 Bf6 15. Ba3 Nb4 16. Rad1 Nd3 17. Qc4 Be7 18. Na4 Qd5 19. Qc2 f4 20. Nc3 Qd7 21.
f3 Rad8 22. Ne4 Qd5 23. Qc4 Kh8 24. Qc2 Rd7 25. exf4 Nxf4 26. Bxc5 Bxc5+ 27. Qxc5 Qf5 28. d4 Rd5 29. Qxa7 Ra5 30. Qc7 Rxa2 31. Rf2 Rxf2 32.
Nxf2 1-0

[Event "*** SCC Grand Prix: Titled Tuesday Blitz"]
[Site "Chess.com"]
[Date "2020.09.08"]
[Round "4"]
[White "Mazetovic"]
[Black "Hypercar"]
[Result "1-0"]
[WhiteElo "2639"]
[BlackElo "2417"]
[TimeControl "180+1"]
[EndTime "10:39:37 PDT"]
[Termination "Mazetovic won by checkmate"]

1. e4 c6 2. Nc3 d5 3. Nf3 Nf6 4.
e5 Ne4 5. Ne2 Bg4 6. Nfg1 Bxe2 7. Qxe2 e6 8. d3 Bb4+ 9. Kd1 O-O 10. dxe4 dxe4+ 11. Bd2 Na6 12. c3 Bc5 13. Qxe4 Qb6 14. Bd3 g6 15. Nf3 Qxb2 16. Ke2 Rad8 17. Rhb1 Qa3 18. Rxb7 Bb6 19. Rxb6 axb6 20. Bxa6 Qxa6+ 21. Ke1 Rd7 22. h4 Rfd8 23. h5 Qb5 24. h6 Rd3 25. Rd1 Qa6 26. Qf4 f5 27. exf6 Qxa2 28. f7+ Kf8 29. Qf6 Rxd2 30. Qg7+ Ke7 31. f8=Q# 1-0

[Event "*** SCC Grand Prix: Titled Tuesday Blitz"]
[Site "Chess.com"]
[Date "2020.09.08"]
[Round "4"]
[White "Ural_bogatyr"]
[Black "UCantHandleDenker"]
[Result "0-1"]
[WhiteElo "2346"]
[BlackElo "2599"]
[TimeControl "180+1"]
[EndTime "10:39:37 PDT"]
[Termination "UCantHandleDenker won on time"]

1. e4 d6 2. d4 Nf6 3. Nc3 g6 4. h4 Bg7 5. Be2 c5 6. dxc5 Qa5 7. cxd6 Nxe4 8. Kf1 Nxc3 9. bxc3 Nc6 10. dxe7 Nxe7 11.
Rb1 O-O 12. h5 Bf5 13. hxg6 Bxg6 14. Bd3 Rad8 15. Bh6 Bxh6 16. Rxh6 Qxa2 17. Ne2 Qd5 18. Nf4 Qg5 19. Nxg6 hxg6 20. Rh3 b6 21. Qf3 Kg7 22. Ke2 Rh8 23. Rbh1 Qe5+ 24. Kd2 Rxh3 25. Qxh3 Nd5 26. c4 Nf4 27. Qh6+ Kf6 28. Re1 Qg5 29. Qxg5+ Kxg5 30. g3 Ne6 31. f3 Kf6 32. Kc3 Nc5 33. Ra1 a5 34. Rb1 Rh8 0-1

[Event "*** SCC Grand Prix: Titled Tuesday Blitz"]
[Site "Chess.com"]
[Date "2020.09.08"]
[Round "4"]
[White "Roza_Idrisova"]
[Black "aNaartjieZA"]
[Result "1/2-1/2"]
[WhiteElo "2155"]
[BlackElo "2476"]
[TimeControl "180+1"]
[EndTime "10:39:37 PDT"]
[Termination "Game drawn by repetition"]

1. d4 Nf6 2. Nf3 c5 3. d5 g6 4. c4 Bg7 5. Nc3 d6 6. e4 e6 7.
Be2 exd5 8. cxd5 O-O 9. O-O Re8 10. Nd2 a6 11. a4 Nbd7 12. Qc2 Rb8 13. Nc4 Ne5 14.
Nxe5 Rxe5 15. Bf4 Re8 16. Rfe1 Ng4 17. Bxg4 Bxg4 18. h3 Bc8 19. Rab1 b5 20. axb5 axb5 21. b4 Qf6 22. Ne2 c4 23. Be3 Qe7 24. f3 f5 25. Nd4 Bxd4 26. Bxd4 Qf7 27. Ra1 Rb7 28. Bb2 fxe4 29. Qc3 Re5 30. Rxe4 Qxd5 31. Ra8 Rc7 32. Rxe5 dxe5 33. Ra1 Re7 34. Re1 Kf7 35. Rxe5 Rxe5 36. Qxe5 Qxe5 37. Bxe5 Ke6 38. Bc3 Kf5 39. Kf2 h5 40. h4 Ke6 41. Ke3 Kd5 42. g3 Bf5 43.
Kf4 Ke6 44. g4 hxg4 45. fxg4 Bd3 46. h5 gxh5 47. gxh5 Kf7 48. Ke5 Be2 49. h6 Kg6 50.
Bd2 Bh5 51. Kd5 Kh7 52. Kc5 Be8 53. Kd4 Kg6 54. Kc3 Kh7 55. Be3 Bg6 56. Bd2 Bh5 57. Kd4 Be8 58. Kc3 Bd7 59. Kd4 Be8 60. Kc3 Bc6 61.
Kd4 Be8 1/2-1/2

[Event "*** SCC Grand Prix: Titled Tuesday Blitz"]
[Site "Chess.com"]
[Date "2020.09.08"]
[Round "4"]
[White "jamalm2"]
[Black "SophieNikoladze"]
[Result "0-1"]
[WhiteElo "1916"]
[BlackElo "2239"]
[TimeControl "180+1"]
[EndTime "10:39:37 PDT"]
[Termination "SophieNikoladze won on time"]

1. Nf3 b5 2. e3 a6 3. d4 Bb7 4. Be2 e6 5. O-O Nf6 6. b3 c5 7. Bb2 d5 8. c4 bxc4 9. bxc4 Nbd7 10. Qa4 Be7 11. Ne5 O-O 12. Nd2 Nxe5 13. dxe5 Nd7 14.
Qc2 Qc7 15. Bd3 h6 16. f4 Qc6 17. cxd5 exd5 18. Nf3 Rac8 19. Bf5 Rfd8 20. Rac1 Rc7 21. Bh7+ Kh8 22. Bf5 Nf8 23. Qf2 Qb6 24. Bb1 d4 25. exd4 Bxf3 26. gxf3 cxd4 27. Rxc7 Qxc7 28.
Rd1 Qb6 29. Kg2 Bc5 30. Qd2 Rb8 31. Ba1 Ne6 32. f5 Nf8 33. f6 Qe6 34. Qd3 gxf6 35. exf6 Qxf6 0-1

[Event "*** SCC Grand Prix: Titled Tuesday Blitz"]
[Site "Chess.com"]
[Date "2020.09.08"]
[Round "4"]
[White "sokidze"]
[Black "mapleaff"]
[Result "1-0"]
[WhiteElo "2613"]
[BlackElo "2384"]
[TimeControl "180+1"]
[EndTime "10:39:39 PDT"]
[Termination "sokidze won by resignation"]

1. e4 e5 2. Nf3 Nc6 3. Bb5 Nf6 4. O-O Nxe4 5. Re1 Nd6 6. Nxe5 Be7 7. Bf1 Nxe5 8. Rxe5 O-O 9. Nc3 Ne8 10. Nd5 Bd6 11. Re1 c6 12. Ne3 Bc7 13. Nf5 d5 14.
Ne7+ Kh8 15. Nxc8 Rxc8 16. d3 Nf6 17. Qf3 Qd6 18. g3 Rce8 19. Bd2 h6 20. Bf4 Qd7 21. Bxh6 Be5 22. Bc1 Qg4 23. Qxg4 Nxg4 24. h3 Nxf2 25.
Rxe5 Nxh3+ 26. Bxh3 Rxe5 27. Bd2 Re2 28. Rd1 Rfe8 29.
Bf1 R2e6 30. Kf2 Rf6+ 31. Kg2 Kg8 32. d4 Re4 33. c3 Rfe6 34. Bd3 Rg4 35. Bf5 Re2+ 36.
Kf3 1-0

[Event "*** SCC Grand Prix: Titled Tuesday Blitz"]
[Site "Chess.com"]
[Date "2020.09.08"]
[Round "4"]
[White "Elegance_Riks"]
[Black "Yuwono"]
[Result "1/2-1/2"]
[WhiteElo "2606"]
[BlackElo "2409"]
[TimeControl "180+1"]
[EndTime "10:39:39 PDT"]
[Termination "Game drawn by repetition"]

1. e4 c5 2. Nf3 e6 3. g3 Nf6 4. Nc3 d5 5. exd5 exd5 6. d4 Nc6 7. Bg2 Be7 8. O-O O-O 9. Bg5 Bg4 10. dxc5 d4 11.
Bxf6 Bxf6 12. Ne4 Be7 13. h3 Bf5 14. Re1 Bxe4 15. Rxe4 Bxc5 16. a3 a5 17. Qd3 Qd6 18.
Rae1 Rad8 19. Nh4 g6 20. Nf3 Ba7 21. Ne5 Kg7 22. h4 h5 23. Nxc6 bxc6 24. Re5 Bb6 25. Bf3 Rd7 26. Kg2 Rfd8 27. Qc4 Rc7 28. Qb3 Rb8 29.
Re8 Rxe8 30. Rxe8 c5 31. Qc4 Re7 32. Ra8 Qe5 33. Qa6 Bc7 34. Qc8 Kf6 35. Qh8+ Ke6 36. Ra6+ Bd6 37. Qc8+ Kf6 38. Qd8 Ke6 39. Bb7 Rxb7 40.
Qc8+ Rd7 41. Ra7 Bc7 42. Qe8+ Re7 43. Qc8+ Rd7 44. Ra6+ Bd6 45. Qe8+ Re7 46. Qc8+ Rd7 1/2-1/2

[Event "*** SCC Grand Prix: Titled Tuesday Blitz"]
[Site "Chess.com"]
[Date "2020.09.08"]
[Round "4"]
[White "aquaticpineapples"]
[Black "PattyCastillo"]
[Result "1/2-1/2"]
[WhiteElo "2218"]
[BlackElo "1914"]
[TimeControl "180+1"]
[EndTime "10:39:39 PDT"]
[Termination "Game drawn by agreement"]

1. d4 d5 2. Nf3 Nf6 3. e3 c6 4.
b3 e6 5. Bb2 Nbd7 6. Bd3 Bd6 7.
Ne5 O-O 8. Nd2 Qe7 9. a3 c5 10. O-O b6 11. f4 Bb7 12. Rf3 Rac8 13. Rh3 Ne4 14. Nxd7 Qxd7 15. Qh5 h6 16. Bxe4 dxe4 17. dxc5 Bxc5 18. Bxg7 Bxe3+ 19. Rxe3 Kxg7 20. Nxe4 Qd4 21. Qe5+ Qxe5 22. fxe5 Bxe4 23. Rxe4 Rxc2 24. Ra4 Re2 25. Rxa7 Rxe5 26. a4 Rc8 27. Rf1 Rf5 28. Rxf5 exf5 29. a5 bxa5 30. Rxa5 Rb8 31. Rxf5 Rxb3 32. h3 Rb2 33.
Rf2 Rb1+ 34. Kh2 Rb3 35. Re2 Kg6 36. Rf2 f6 37. Ra2 h5 38. Rc2 h4 39. Rf2 Rg3 40. Re2 f5 41. Rd2 Kg5 42. Rd4 Re3 43. Rd8 Re4 44.
Rg8+ Kf4 45. Rh8 Ke3 46. Rf8 f4 47. Rh8 f3 48. gxf3 Kxf3 49. Rf8+ Rf4 50. Rxf4+ Kxf4 51. Kg2 1/2-1/2